 Dungeon Crawl Stone Soup version 0.29.0-4-gdea44cf6ec (webtiles) character file.

Game seed: 14325651125604137752

9 qw the Sneak (level 2, 0/19 HPs)
             Began as a Gargoyle Delver on Sept 10, 2022.
             Slain by a worm (3 damage)
             ... on level 2 of the Dungeon.
             The game lasted 00:00:13 (712 turns).

qw the Sneak (Gargoyle Delver)                       Turns: 712, Time: 00:00:13

Health: 0/19       AC:  7    Str: 15    XL:     2   Next: 16%
Magic:  2/2        EV: 10    Int: 10    God:
Gold:   114        SH:  0    Dex: 11    Spells: 1/1 levels left

rFire   . . .      SeeInvis .   a - +0 hand axe
rCold   . . .      Faith    .   (no shield)
rNeg    + . .      Spirit   .   d - +0 ring mail
rPois   inf        Reflect  .   (no helmet)
rElec   +          Harm     .   (no cloak)
rCorr   +          Rampage  .   (no gloves)
Will    .....                   (no boots)
Stlth   ++........              (no amulet)
HPRegen 0.06/turn               h - ring of resist corrosion
MPRegen 0.08/turn               (no ring)

@: no status effects
A: sickness immunity, AC +2, negative energy resistance 1, electricity
resistance, torment resistance 1, petrification resistance
a: no special abilities


You were on level 2 of the Dungeon.
You visited 1 branch of the dungeon, and saw 4 of its levels.

You collected 114 gold pieces.


Innate Abilities, Weirdness & Mutations

You are immune to sickness and miasma.
Your stone body is resilient. (AC +2)
You are immune to poison.
You resist negative energy. (rN+)
You are resistant to electric shocks. (rElec)
You are resistant to unholy torment.
You are immune to petrification.


   Skills:
 - Level 3.2 Fighting
 + Level 2.5 Axes
 - Level 1.5 Dodging
 - Level 5.4 Stealth


You had one spell level left.
You didn't know any spells.
Your spell library was empty.

Inventory:

Hand Weapons
 a - a +0 hand axe (weapon)
Armour
 d - a +0 ring mail (worn)
Jewellery
 h - a ring of resist corrosion (left hand)
Wands
 g - a wand of digging (3)
Potions
 b - a potion of heal wounds {unknown}
 c - a potion of curing {unknown}
 e - a potion of lignification {unknown}
 f - a potion of haste

Dungeon Overview and Level Annotations

Branches:
Dungeon (5/15)
 Temple: D:4-7

Altars:

Annotations:
D:2 Terence


Message History

You hit the kobold but do no damage. The kobold hits you but does no damage.
You closely miss the kobold. The kobold hits you but does no damage.
You hit the kobold but do no damage. The kobold closely misses you.
You closely miss the kobold.
The kobold hits you with a +0 short sword.
You hit the kobold.
You kill the kobold!
You start resting.
HP restored.
Found an escape hatch in the ceiling.
Terence the Incautious comes into view.
He is wielding a +0 flail.
Found a club.
You see here a fuming grey potion.
Terence shouts!
A quokka comes into view.
Terence drinks a potion.
Terence flickers and vanishes!
Deactivating autopickup; reactivate with Ctrl-A.
A worm comes into view.
A hobgoblin comes into view.
Found a scroll labelled AGHIKL SYTAOCE and a scroll labelled PIUTAX DILUNA.
The hobgoblin shouts!
Something hits you!
You hit the worm but do no damage. You closely miss something.
Something hits you but does no damage. The worm bites you but does no damage.
You barely miss the worm. You closely miss something. Something hits you.
You hit the worm.
The worm is lightly wounded.
You hit something but do no damage.
A rat comes into view.
Something hits you. The worm bites you but does no damage.
The quokka barely misses you.
You barely miss the quokka. You hit the worm. You closely miss something.
Something hits you.
The quokka bites you but does no damage.
The worm bites you.
You die...

SK........>...####
#####)..######
#########...##
...........##
.######..!####
............)#
.............#
.............#
........@....#
?..<..$rw....#
.......g..)..#
..r..........#
.............#
?............#
............#
............#


You could see a worm, a quokka, a hobgoblin and a rat.

Vanquished Creatures
  2 endoplasms (D:4)
  2 giant cockroaches (D:4)
  2 kobolds
  A goblin (D:2)
  A rat (D:2)
8 creatures vanquished.

Vanquished Creatures (others)
  2 fungi (D:4)
  3 toadstools (D:4)
5 creatures vanquished.

Grand Total: 13 creatures vanquished

Notes
Turn   | Place    | Note
-------+----------+-------------------------------------------
     0 | D:5      | qw the Gargoyle Delver began the quest for the Orb.
     0 | D:5      | Reached XP level 1. HP: 14/14 MP: 1/1
     0 | D:5      | 0 ||| qw: Version: 0.1-a-117-gfe26ee0
     0 | D:5      | 0 ||| qw: Game counter: 9846
     0 | D:5      | 0 ||| qw: Always use a shield: true
     0 | D:5      | 0 ||| qw: God list: Okawaru
     0 | D:5      | 0 ||| qw: Allow faded altars: false
     0 | D:5      | 0 ||| qw: Do Orc after D:15 true
     0 | D:5      | 0 ||| qw: Do second Lair branch before Depths: true
     0 | D:5      | 0 ||| qw: Lair rune preference: random
     0 | D:5      | 0 ||| qw: Plans: Normal
     0 | D:5      | 0 ||| PLANNING D:1-11
    19 | D:5      | 19 ||| DROPPING scroll of fog.
    20 | D:5      | 20 ||| DROPPING scroll of magic mapping.
    21 | D:5      | 21 ||| DROPPING scroll of fear.
    85 | D:4      | 85 ||| Stepping ~*~*~tactically~*~*~ (stealth).
   570 | D:4      | Reached XP level 2. HP: 19/19 MP: 2/2
   570 | D:4      | 570 ||| UPGRADING to +0 ring mail.
   580 | D:4      | 580 ||| DROPPING +0 leather armour.
   581 | D:4      | 581 ||| UPGRADING to ring of resist corrosion.
   592 | D:3      | 592 ||| FLEEEEING.
   593 | D:3      | 593 ||| FLEEEEING.
   594 | D:3      | 594 ||| FLEEEEING.
   595 | D:3      | 595 ||| STAIRDANCE
   669 | D:2      | 669 ||| Stepping ~*~*~tactically~*~*~ (stealth).
   702 | D:2      | Noticed Terence
   712 | D:2      | HP: 3/19 [something (2)]
   712 | D:2      | Slain by a worm

Levels and vault maps discovered:
D:2:      layout_basic, glass_columns_a, uniq_natasha, uniq_terence
D:3:      layout_basic
D:4:      layout_basic, minmay_gold_behind_fungi, uniq_grinder
D:5:      layout_basic, nicolae_ossuary_entry_catacombs

Skill      XL: |  1 |
---------------+----+-----
Axes           | 2 |  2.5
Fighting       | |  3.2
Dodging        | |  1.5
Stealth        | |  5.4

Action                   || total
-------------------------++-------
Melee: Hand axe          ||    29
Armor: Leather armour    ||     2
       Ring mail         ||     8
Dodge: Dodged            ||    12

Table legend:
 A = Non-vault XP
 B = Vault XP
 C = Vault XP percentage of total XP
 D = Non-vault monster count
 E = Vault monster count
 F = Vault count percentage of total count
                 A         B        C        D         E       F
            +---------+---------+-------+---------+---------+-------
      Total |      14 |       0 |   0.0 |       8 |       0 |   0.0
            +---------+---------+-------+---------+---------+-------
        D:2 |       4 |       0 |   0.0 |       3 |       0 |   0.0
        D:4 |      10 |       0 |   0.0 |       5 |       0 |   0.0
            +---------+---------+-------+---------+---------+-------
